 Dungeon Crawl Stone Soup version 0.22.1-1-ga44c0e5 (webtiles) character file.

74 Velaskes the Grave Robber (level 4, -5/32 (33) HPs)
             Began as a Ghoul Necromancer on Nov 2, 2018.
             Slain by a gnoll
             ... wielding a +0 spear
              (11 damage)
             ... on level 3 of the Dungeon.
             The game lasted 00:15:19 (1968 turns).

Velaskes the Grave Robber (Ghoul Necromancer)       Turns: 1968, Time: 00:15:20

HP:   -5/32 (33)    AC:  3    Str: 11      XL:     4   Next: 28%
MP:   2/6           EV: 12    Int: 11      God:
Gold: 67            SH:  0    Dex:  8 (9)  Spells: 2/7 levels left

rFire    + . .     SeeInvis .   f - +0 spear
rCold    + . .     Gourm    .   (no shield)
rNeg     + + +     Faith    .   a - +1 robe
rPois    ∞         Spirit   .   (no helmet)
rElec    .         Reflect  .   (no cloak)
rCorr    .         Harm     .   (no gloves)
MR       .....                  (no boots)
Stlth    ++........             p - amulet of regeneration
HPRegen  0.00/turn              i - ring of protection from fire
MPRegen  0.10/turn              (no ring)

@: very slightly contaminated, rotting
A: rotting body, claws 1, carnivore, cold resistance 1, negative energy
resistance 3, inhibited regeneration, torment resistance, unbreathing
a: no special abilities


You were on level 3 of the Dungeon.
You were not hungry.

You visited 1 branch of the dungeon, and saw 3 of its levels.

You collected 67 gold pieces.

Inventory:

Hand Weapons
 f - a +0 spear (weapon)
Armour
 a - a +1 robe (worn)
 b - a +0 ring mail
Jewellery
 i - a ring of protection from fire (left claw)
 l - an uncursed ring of poison resistance
 p - an amulet of regeneration (around neck)
Scrolls
 e - 3 scrolls of teleportation
 g - 3 scrolls of identify
 h - a scroll of noise {unknown}
 j - 2 scrolls of fear
 o - a scroll of remove curse {unknown}
Potions
 d - 2 potions of lignification
 n - a potion of degeneration {unknown}
Comestibles
 c - 4 rations
 m - 4 chunks of flesh


   Skills:
 + Level 0.2 Fighting
 + Level 0.1 Polearms
 + Level 1.9 Dodging
 + Level 2.5 Stealth
 + Level 0.5 Unarmed Combat
 + Level 2.2 Spellcasting
 + Level 5.0 Necromancy


You had 2 spell levels left.
You knew the following spells:

 Your Spells              Type           Power        Failure   Level  Hunger
a - Pain                  Necr           ##..         3%          1    ##.....
b - Animate Skeleton      Necr           N/A          3%          1    ##.....
c - Vampiric Draining     Necr           ##........   11%         3    ####...

Your spell library contained the following spells:

 Spells                   Type           Power        Failure   Level  Hunger
 Regeneration             Chrm/Necr      #.........   30%         3    ####...
 Animate Dead             Necr           N/A          34%         4    #####..


Dungeon Overview and Level Annotations

Branches:
Dungeon (3/15)

Altars:
Zin


Innate Abilities, Weirdness & Mutations

Your body is rotting away.
You thrive on raw meat.
You are immune to poison.
You have sharp fingernails.
You are carnivorous and can eat meat at any time.
Your flesh is cold resistant. (rC+)
You are immune to negative energy. (rN+++)
You do not regenerate when monsters are visible.
You are immune to unholy pain and torment.
You can survive without breathing.


Message History

You hit the gnoll.
The gnoll is moderately wounded.
The gnoll hits you but does no damage.
You barely miss the gnoll.
The gnoll is moderately wounded.
The gnoll hits you but does no damage.
You barely miss the gnoll.
The gnoll is moderately wounded.
The gnoll hits you with a spear.
* * * LOW HITPOINT WARNING * * *
You closely miss the gnoll.
The gnoll is moderately wounded.
The gnoll barely misses you.
You hit the gnoll.
The gnoll is severely wounded.
The gnoll barely misses you.
You hit the gnoll.
The gnoll is almost dead.
The gnoll hits you with a spear!
You die...

.._..##.#..#####.# #.
#....#..# .. #. ####....#
# ## #... #....^# # ...
##.##.#####.# ...
#.##.......# ####.### .#
##.#####.#### ... ..... #
...>.....########.####.###
# #
##.#####.@g............
##.# #.# ########.#####..
.#.#.. .. #....# .....#
#...># .#.## #....# # ##
#.#####.# # #.......#
##.#.#### #.#.#


You could see a gnoll.

Vanquished Creatures
  An adder (D:2)
  2 gnolls (D:3)
  2 oozes
  2 dart slugs
  3 leopard geckos
  4 bats
  A giant cockroach (D:3)
  6 goblins
  2 hobgoblins
  2 kobolds (D:2)
  2 quokkas
  A ball python (D:3)
  3 rats
31 creatures vanquished.

Notes
Turn   | Place    | Note
-------+----------+-------------------------------------------
     0 | D:1      | Velaskes the Ghoul Necromancer began the quest for the Orb.
     0 | D:1      | Reached XP level 1. HP: 14/14 MP: 2/2
     6 | D:1      | Learned a level 1 spell: Animate Skeleton
    88 | D:1      | Reached XP level 2. HP: 11/20 MP: 0/3
   924 | D:2      | Reached XP level 3. HP: 19/26 MP: 1/5
  1114 | D:2      | Found a faded altar of an unknown god.
  1434 | D:2      | Learned a level 3 spell: Vampiric Draining
  1489 | D:3      | Found a glowing silver altar of Zin.
  1840 | D:3      | HP: 1/26 [gnoll/spear (6)]
  1886 | D:3      | Reached skill level 5 in Necromancy
  1886 | D:3      | Reached XP level 4. HP: 14/33 MP: 0/6
  1968 | D:3      | Slain by a gnoll

Skill      XL: |  1  2  3 |
---------------+----------+-----
Spellcasting   | 2 |  2.2
Necromancy     | 5 |  5.0
Fighting       | |  0.2
Polearms       | |  0.1
Dodging        | |  1.9
Stealth        | |  2.5
Unarmed Combat | |  0.5

Action                   |  1- 3 |  4- 6 || total
-------------------------+-------+-------++-------
Melee: Unarmed           |    51 |       ||    51
       Spear             |    21 |     9 ||    30
 Cast: Pain              |    49 |       ||    49
       Animate Skeleton  |     4 |       ||     4
       Vampiric Draining |     1 |     2 ||     3
  Use: Scroll            |     6 |       ||     6
       Potion            |     3 |       ||     3
 Stab: Sleeping          |     1 |       ||     1
  Eat: Chunk             |    12 |       ||    12
       Ration            |     1 |       ||     1
Armor: Robe              |    23 |     1 ||    24
Dodge: Dodged            |    59 |     7 ||    66
